 Dungeon Crawl Stone Soup version 0.17-a0-1763-g847a857 (webtiles) character file.

124 shakdrar the Bolt Thrower (level 4, -6/36 HPs)
             Began as a Centaur Hunter on Sept 4, 2015.
             Killed by divine providence
             ... invoked by an orc priest
              (9 damage)
             ... on level 3 of the Dungeon.
             The game lasted 00:10:56 (2655 turns).

shakdrar the Bolt Thrower (Centaur Hunter)          Turns: 2655, Time: 00:10:57

Health: -6/36      AC:  8    Str: 15    XL:     4   Next: 81%
Magic:  4/4        EV:  7    Int: 10    God:
Gold:   112        SH:  0    Dex: 10    Spells: 0 memorised, 3 levels left

rFire  . . .     SeeInvis .     c - +0 short sword
rCold  . . .     Clarity  .     d - +0 leather armour
rNeg   . . .     SustAt   .     (no shield)
rPois  .         Gourm    .     (no helmet)
rElec  .         Spirit   .     (no cloak)
rCorr  .         Warding  .     (no gloves)
rMut   .         Rnd*Tele +     h - +0 centaur barding
MR     +....                    (no amulet)
Stlth  +.........               l - ring of teleportation (curse)
                                o - ring of protection from magic

@: very quick, somewhat resistant to hostile enchantments, very unstealthy
A: hooves 3, deformed body, speed 2, tough skin 3
a: Evoke Teleportation


You were on level 3 of the Dungeon.
You were not hungry.

You visited 1 branch of the dungeon, and saw 3 of its levels.

You collected 112 gold pieces.

Inventory:

Hand weapons
 a - a +1 hand crossbow
 c - a +0 short sword (weapon)
Missiles
 b - 7 bolts
 m - 71 arrows
Armour
 d - a +0 leather armour (worn)
 h - a +0 centaur barding (worn)
Jewellery
 i - an uncursed ring of fire
 l - a cursed ring of teleportation (right hand)
 o - a ring of protection from magic (left hand)
 q - an uncursed ring of see invisible
Scrolls
 j - a scroll of teleportation
 k - 2 scrolls of identify
Potions
 g - 5 potions of curing
Comestibles
 e - 2 bread rations
 f - 2 meat rations
 r - 4 fruits


   Skills:
 + Level 2.2 Fighting
 + Level 5.8 Crossbows
 + Level 1.1 Armour
 - Level 2.1 Dodging
 - Level 0.5 Stealth


You had 3 spell levels left.
You didn't know any spells.

Dungeon Overview and Level Annotations

Branches:
Dungeon (3/15)

Altars:
Vehumet


Innate Abilities, Weirdness & Mutations

You have hooves in place of feet.
Armour fits poorly on your strangely shaped body.
You cover ground very quickly.
You have extremely tough skin (AC +3).


Message History

You hit the orc priest. Your kick misses the orc priest.
The orc priest is almost dead.
The orc priest calls down the wrath of Beogh upon you.
You resist with some effort.
The orc priest calls down the wrath of Beogh upon you.
Something smites you!
* * * LOW HITPOINT WARNING * * *
You hit the orc priest but do no damage.
The orc priest is almost dead.
The orc priest barely misses you.
You barely miss the orc priest.
The orc priest is almost dead.
The orc priest hits you but does no damage.
The orc priest miscasts a cantrip.
You barely miss the orc priest.
The orc priest is almost dead.
The orc priest hits you but does no damage.
The orc priest mumbles some strange prayers to Beogh against you.
Something smites you!
You die...

#.......#o#.. ...
#.#.###.#.#.# . #.#.#
#.#.#.# #.#.# #.#.#.#
#.#.###.#.#.#
#.#.....#.#.#
#.#####.#.#.#
#.#######o#.#
#......@oK..#
#########(##############
#...............
################


You could see 2 orc priests and a kobold.

Vanquished Creatures
  4 adders
  5 worms
  3 giant geckos
  2 orcs (D:3)
  2 giant cockroaches (D:2)
  10 goblins
  6 hobgoblins
  7 jackals
  2 quokkas (D:3)
  2 ball pythons
  7 bats
  3 giant newts
  6 kobolds
  13 rats
72 creatures vanquished.

Notes
Turn   | Place    | Note
--------------------------------------------------------------
     0 | D:1      | shakdrar the Centaur Hunter began the quest for the Orb.
     0 | D:1      | Reached XP level 1. HP: 17/17 MP: 1/1
   215 | D:1      | Reached XP level 2. HP: 24/24 MP: 2/2
   366 | D:1      | Reached skill level 5 in Crossbows
   715 | D:2      | Reached XP level 3. HP: 19/29 MP: 3/3
  1075 | D:2      | Found a faded altar to an unknown god.
  1496 | D:2      | Reached XP level 4. HP: 31/36 MP: 4/4
  1613 | D:2      | Found a radiant altar of Vehumet.
  2373 | D:3      | Reached skill level 1 in Armour
  2655 | D:3      | Killed from afar by an orc priest

Vault maps used:
D:1:      dpeg_arrival_leaves_temple_mockup
D:2:      lemuel_doored_altar, ecumenical_altar_2
D:3:      gup_sewer_entry_spiral, okawaru_trees_2

Action                   |  1- 3 |  4- 6 || total
-------------------------+-------+-------++-------
Melee: Short sword       |    72 |   162 ||   234
 Fire: Hand crossbow     |    83 |       ||    83
  Use: Scroll            |     3 |     3 ||     6
       Potion            |     3 |     3 ||     6
  Eat: Beef jerky        |     1 |       ||     1
       Meat ration       |       |     1 ||     1
       Chunk             |       |     1 ||     1
